 Dungeon Crawl Stone Soup version 0.31-a0-986-g5e6e4ef867 (webtiles) character file.

Game seed: 12721491229794276437

1938 porpoise the Vexing (level 8, -1/52 HPs)
             Began as a Demonspawn Enchanter on Nov 19, 2023.
             Was an Initiate of Nemelex Xobeh.
             Killed from afar by Psyche (16 damage)
             ... with a bolt of light
             ... on level 8 of the Dungeon.
             The game lasted 00:25:47 (7908 turns).

porpoise the Vexing (Demonspawn Enchanter)          Turns: 7908, Time: 00:25:49

Health: -1/52      AC:  7    Str:  8    XL:     8   Next: 97%
Magic:  15/15      EV: 14    Int: 18    God:    Nemelex Xobeh [......]
Gold:   146        SH:  0    Dex: 15    Spells: 9/17 levels left

rFire   . . .        a - +5 dagger (venom)
rCold   . . .        (no shield)
rNeg    . . .        b - +0 robe
rPois   .            (helmet restricted)
rElec   .            (no cloak)
rCorr   .            j - +0 pair of gloves
SInv    .            (no boots)
Will    .....        n - amulet of magic regeneration
Stlth   +            (no ring)
HPRegen 0.28/turn    (no ring)
MPRegen 0.54/turn

%: no passive effects
@: confused, lethally poisoned (-1 -> -4)
A: antennae 1, repulsion field 1, icemail 1, spiny 1, condensation shield
a: Renounce Religion, Draw Escape, Draw Destruction, Draw Summoning


You were on level 8 of the Dungeon.
You worshipped Nemelex Xobeh.
Nemelex Xobeh was noncommittal.
You visited 2 branches of the dungeon, and saw 9 of its levels.
You also visited: Sewer.

You collected 356 gold pieces.
You spent 210 gold pieces at shops.

Inventory:

Hand Weapons
 a - a +5 dagger of venom (weapon)
Missiles
 l - 7 boomerangs
 s - 7 atropa-tipped darts
 t - 5 poisoned darts
 u - 2 throwing nets
Armour
 b - a +0 robe (worn)
 g - a +2 leather armour of cold resistance
 j - a +0 pair of gloves (worn)
 x - a +3 leather armour
Jewellery
 n - an amulet of magic regeneration (around neck)
 v - an amulet of reflection
 D - a ring of ice
Wands
 k - a wand of digging (5)
 o - a wand of paralysis (18)
 A - a wand of polymorph (11)
 B - a wand of light (4)
Scrolls
 f - 3 scrolls of teleportation
 m - 2 scrolls of immolation
 p - a scroll of fear
 w - a scroll of blinking {unknown}
 y - a scroll of brand weapon {unknown}
Potions
 c - 3 potions of invisibility
 d - 2 potions of magic
 e - 2 potions of brilliance
 h - 2 potions of enlightenment
 i - 4 potions of lignification
 q - a potion of resistance
 r - 4 potions of curing
 z - a potion of might
 C - a potion of ambrosia
 E - a potion of mutation {unknown}


   Skills:
 + Level 0.2 Fighting
 + Level 6.9 Short Blades
 - Level 1.7 Dodging
 + Level 2.7 Stealth
 - Level 5.0 Spellcasting
 - Level 7.0 Hexes
 - Level 3.0 Ice Magic


You had 9 spell levels left.
You knew the following spells:

 Your Spells              Type           Power      Damage    Failure   Level
a - Confusing Touch       Hex            29%        N/A       2%          3
e - Ensorcelled Hibernat  Hex/Ice        44%        N/A       2%          2
t - Tukima's Dance        Hex            29%        N/A       2%          3

Your spell library contained the following spells:

 Spells                   Type           Power      Damage    Failure   Level
 Jinxbite                 Hex            58%        N/A       1%          2
 Dazzling Flash           Conj/Hex       34%        N/A       10%         3
 Kiss of Death            Conj/Necr      16%        2d6       13%         1
 Sandblast                Erth           8%         2d5       13%         1
 Passwall                 Tmut/Erth      3%         N/A       21%         2
 Sublimation of Blood     Necr           4%         N/A       21%         2
 Hailstorm                Conj/Ice       9%         3d4       22%         3
 Anguish                  Hex/Necr       8%         N/A       30%         4
 Fulminant Prism          Conj/Hex       8%         3d7       30%         4
 Stone Arrow              Conj/Erth      8%         3d7       36%         3
 Volatile Blastmotes      Fire/Tloc      8%         2d10      36%         3
 Summon Ice Beast         Ice/Summ       9%         N/A       56%         4
 Animate Armour           Summ/Erth      8%         N/A       78%         4
 Brom's Barrelling Bould  Conj/Erth      4%         2d3       78%         4
 Dispel Undead            Necr           4%         3d7       78%         4
 Iskenderun's Mystic Bla  Conj/Tloc      4%         2d3       78%         4
 Olgreb's Toxic Radiance  Pois           4%         N/A       78%         4
 Petrify                  Tmut/Erth      4%         N/A       78%         4
 Irradiate                Conj/Tmut      2%         3d12      98%         5
 Plasma Beam              Fire/Air       2%         2x1d12    100%        6
 Simulacrum               Ice/Necr       4%         N/A       100%        6
 Lehudib's Crystal Spear  Conj/Erth      2%         10d2      100%        8


Dungeon Overview and Level Annotations

Branches:
Dungeon (8/15)             Temple (1/1) D:7           Sewer (visited)
   Lair: D:8-11

Altars:
Ashenzari
Cheibriados
Dithmenos
Fedhas
Gozag
Hepliaklqana
Kikubaaqudgha
Makhleb
Nemelex Xobeh
Okawaru
Qazlal
Ru
Sif Muna
Trog
Uskayaw
Vehumet
Wu Jian
Xom
Yredelemnul

Shops:
D:1 (*?[(   D:5 (

Annotations:
D:8 Psyche


Innate Abilities, Weirdness & Mutations

You have a pair of small antennae on your head.
You are surrounded by a mild repulsion field. (EV +2)
A meltable icy envelope protects you from harm. (AC +4)
You are partially covered in sharp spines.
A meltable shield of frost defends you. (SH +4)


Message History

There is an open door here.
Found a stone.
You see here a +0 leather armour.
You see here a stone.
You now have 146 gold pieces (gained 15).
Done exploring.
Done exploring.
There is a stone staircase leading down here.
You climb downwards.
There is a stone staircase leading up here.
Found a robe.
Okay, then.
You see here a +0 robe.
You open the door.
Psyche the Insane Magess comes into view.
She is wielding a +1 dagger of chaos and carrying a wand of light.
A centaur comes into view.
Psyche shouts!
Psyche zaps a wand.
The bolt of light hits you!
You are confused.
Psyche begins to cast a cantrip, but forgets the words!
The centaur shouts!
There is an open door here.
You bump into the rock wall.
The centaur wields a +0 shortbow.
The centaur shoots an arrow.
The arrow barely misses you.
You are too confused!
Unknown command.
You bump into the rock wall.
The centaur shoots an arrow.
The arrow hits you!
Psyche mumbles some strange words.
A swirling arc of seething chaos appears!
The arc of chaos hits you.
You are poisoned.
The arc of chaos hits the centaur!
The centaur is drained!
You feel less confused.
You feel sick.
The centaur shoots an arrow.
The arrow closely misses you.
The centaur shoots an arrow.
The arrow hits you!
* * * LOW HITPOINT WARNING * * *
Psyche zaps a wand.
The bolt of light hits you!
You are confused.
You die...
Your body disappears without a glow.

#........
#.........
#.........
#.........
#......c..
#.#.@....... .
#.#.#.........
.##.#.#@........
....#.##'##.###
.###...##.# #
..........##.#
##.........#
#.......####
#....[..#
.######..#
.........#


You could see Psyche and a centaur (drained).

Vanquished Creatures
  A troll (D:7)
  A water moccasin (Sewer)
  2 sky beasts
  An ice beast (D:7)
  A centaur (D:7)
  An ogre (D:6)
  A phantom (D:5)
  A bullfrog (D:7)
  A scorpion (D:6)
  A killer bee (D:7)
  A howler monkey (D:6)
  A jelly (D:6)
  6 hounds
  2 sleepcaps
  2 orc priests (D:5)
  Natasha (twice) (D:3)
  4 iguanas
  6 orc wizards (D:5)
  3 gnolls (D:5)
  7 adders
  2 shadow imps
  5 white imps
  4 ufetubi
  2 worms (D:3)
  2 dart slugs
  24 orcs
  7 endoplasms
  2 giant cockroaches (D:4)
  3 goblins
  3 hobgoblins
  12 jackals
  9 quokkas
  3 training dummies (D:5)
  5 ball pythons
  3 bats (D:1)
  A frilled lizard (D:1)
  5 kobolds
  3 rats
140 creatures vanquished.

Notes
Turn   | Place    | Note
-------+----------+-------------------------------------------
     0 | D:1      | porpoise the Demonspawn Enchanter began the quest for the
                  | Orb.
     0 | D:1      | Reached XP level 1. HP: 13/13 MP: 3/3
    24 | D:1      | Reached skill level 1 in Short Blades
    68 | D:1      | Found Wyvuso's Antique Weapon Boutique.
   219 | D:1      | Gained mutation: A meltable shield of frost defends you.
                  | (SH +4) [demonic ancestry]
   219 | D:1      | Reached XP level 2. HP: 17/19 MP: 5/5
   231 | D:1      | Learned a level 2 spell: Ensorcelled Hibernation
   246 | D:1      | Found Wol Lila's Armour Shoppe.
   433 | D:1      | Found Jedghemu's Weapon Emporium.
   439 | D:1      | Found Gueck's Assorted Antiques.
   506 | D:1      | Bought 2 orange potions for 48 gold pieces
   513 | D:1      | Found Obba's Magic Scroll Shop.
  1202 | D:2      | Gained mutation: A meltable icy envelope protects you from
                  | harm. (AC +4) [demonic ancestry]
  1202 | D:2      | Reached XP level 3. HP: 13/24 MP: 0/6
  1418 | D:2      | Found a faded altar of an unknown god.
  1699 | D:2      | Reached skill level 1 in Ice Magic
  2039 | D:3      | Identified the "Potug"
  2113 | D:3      | Gained mutation: You are partially covered in sharp spines.
                  | [demonic ancestry]
  2113 | D:3      | Reached XP level 4. HP: 30/30 MP: 5/7
  2440 | D:3      | Reached skill level 4 in Hexes
  2578 | D:3      | Noticed Natasha
  2583 | D:3      | Killed Natasha
  2584 | D:3      | Gained mutation: You are surrounded by a mild repulsion
                  | field. (EV +2) [demonic ancestry]
  2584 | D:3      | Reached XP level 5. HP: 35/35 MP: 8/8
  2599 | D:3      | Found a stormy altar of Qazlal.
  2601 | D:3      | Noticed an air elemental
  2602 | D:3      | Noticed a fire elemental
  2602 | D:3      | Noticed a water elemental
  2709 | D:3      | Noticed Natasha
  2718 | D:3      | Killed Natasha
  2895 | D:4      | Found a glowing drain.
  2919 | Sewer    | Entered a sewer
  2947 | Sewer    | Noticed a water moccasin
  2953 | Sewer    | Killed a water moccasin
  2954 | Sewer    | Reached XP level 6. HP: 41/41 MP: 9/9
  3648 | D:5      | Entered Level 5 of the Dungeon
  3765 | D:5      | Found Ribobb's Firing Range.
  3781 | D:5      | Reached skill level 5 in Hexes
  3875 | D:1      | Bought a glowing blue amulet for 135 gold pieces
  3875 | D:1      | Bought a scroll labelled USUKLO BAPU for 27 gold pieces
  4022 | D:5      | Reached XP level 7. HP: 27/46 MP: 11/11
  5747 | D:6      | Reached skill level 6 in Hexes
  5796 | D:6      | Reached skill level 5 in Short Blades
  5796 | D:6      | Gained mutation: You have a pair of small antennae on your
                  | head. [demonic ancestry]
  5796 | D:6      | Reached XP level 8. HP: 7/52 MP: 12/14
  6944 | D:7      | Reached skill level 5 in Spellcasting
  6949 | D:7      | Reached skill level 7 in Hexes
  7353 | D:7      | Noticed a troll
  7362 | D:7      | Killed a troll
  7567 | D:7      | Learned a level 3 spell: Confusing Touch
  7571 | D:7      | Learned a level 3 spell: Tukima's Dance
  7644 | D:7      | Found a staircase to the Ecumenical Temple.
  7651 | Temple   | Entered the Ecumenical Temple
  7702 | Temple   | Became a worshipper of Nemelex Xobeh the Trickster
  7904 | D:8      | Noticed Psyche
  7908 | D:8      | Killed from afar by Psyche

Illustrated notes

Levels and vault maps discovered:
D:1:      dpeg_arrival_simpleton_a, layout_basic, serial_shops,
          nicolae_shop_tiny_glass, shop, shop, shop, shop
D:2:      layout_loops_cross, hellmonk_ecumenical_altar_blasted,
          chequers_serial_rivers_micro_d, minmay_tripent
D:3:      layout_basic, nicolae_qazlal_style_of_elements, uniq_natasha
D:4:      layout_basic, portal_sewer_entry_f, item_on_display_a
D:5:      layout_basic, serial_corexii_hall, corexii_hall_statues_u,
          corexii_hall_statues_l, chequers_hall_statues_wall_a,
          corexii_hall_statues_t, nicolae_shop_firing_range
D:6:      layout_basic, serial_glass, glass_columns_b, glass_columns_b
D:7:      layout_loops_ring, kennysheep_mini_moat, minmay_temple_entry_fiery,
          grunt_tough_drop
D:8:      layout_basic, ebering_ghost_gozag, uniq_psyche
Temple:   mainiacjoe_temple_cubbyholes

Skill      XL: |  1  2  3  4  5  6  7  8 |
---------------+-------------------------+-----
Short Blades   | 1 2 3 5 6 |  6.9
Ice Magic      | 1 2 3 |  3.0
Hexes          | 4 5 6 7 |  7.0
Spellcasting   | 4 5 |  5.0
Fighting       | |  0.2
Dodging        | |  1.7
Stealth        | |  2.7

Action                     |  1- 3 |  4- 6 |  7- 9 || total
---------------------------+-------+-------+-------++-------
  Melee: Dagger            |   187 |   119 |   185 ||   491
         Punch             |       |       |     4 ||     4
   Cast: Ensorcelled Hiber |     5 |     7 |    11 ||    23
    Use: Scroll            |     3 |     6 |     6 ||    15
   Stab: Sleeping          |     6 |    10 |    10 ||    26
 Armour: Robe              |    72 |    40 |    88 ||   200
  Dodge: Dodged            |   102 |    55 |    79 ||   236
  Block: Other             |    22 |    17 |    25 ||    64

Table legend: (Time is in decaauts)
 A = Elapsed time spent in this place.
 B = Non-inter-level travel time spent in this place.
 C = Inter-level travel time spent in this place.
 D = Time resting spent in this place.
 E = Time spent auto-exploring this place.
 F = Levels seen in this place.
 G = Mean time per level.
                   A        B        C        D        E       F      G
               +--------+--------+--------+--------+--------+-----+--------+
         Total |   7866 |   7410 |    456 |   1924 |   3951 |  10 |  786.6 |
       Dungeon |   7492 |   7135 |    357 |   1824 |   3921 |   8 |  936.5 |
        Temple |    100 |      1 |     99 |      0 |      0 |   1 |  100.0 |
         Sewer |    274 |    274 |      0 |    100 |     30 |   1 |  274.0 |
               +--------+--------+--------+--------+--------+-----+--------+

Top non-repeatable levels by time:
     D:5: 1469 daAuts
     D:7: 1446 daAuts
     D:6: 1060 daAuts
     D:1: 1047 daAuts
     D:2: 1012 daAuts
     D:3: 849 daAuts
     D:4: 590 daAuts
   Sewer: 274 daAuts
  Temple: 100 daAuts
     D:8: 16 daAuts
